 Dungeon Crawl Stone Soup version 0.28.0-53-g5a82cb258f (webtiles) character file.

Game seed: 10504586218615634529

83 kiwibannannamango the Thrower (level 4, 0/34 HPs)
             Began as a Gnoll Wanderer on June 12, 2022.
             Was a Believer of Jiyva.
             Slain by an iguana (13 damage)
             ... on level 4 of the Dungeon.
             The game lasted 00:12:11 (2821 turns).

kiwibannannamango the Thrower (Gnoll Wanderer)      Turns: 2821, Time: 00:12:12

Health: 0/34       AC:  2    Str: 11    XL:     4   Next: 44%
Magic:  13/13      EV: 11    Int: 12    God:    Jiyva [**....]
Gold:   44         SH:  0    Dex: 13    Spells: 13/17 levels left

rFire   . . .      SeeInvis .   a - +2 mace
rCold   . . .      Faith    .   (no shield)
rNeg    . . .      Spirit   .   d - +0 robe
rPois   .          Reflect  .   (no helmet)
rElec   .          Harm     .   (no cloak)
rCorr   +          Rampage  .   (no gloves)
Will    .....                   (no boots)
Stlth   ++........              (no amulet)
HPRegen 1.07/turn               (no ring)
MPRegen 0.43/turn               (no ring)

@: no status effects
A: fangs 1, strong nose, distributed training
a: Renounce Religion


You were on level 4 of the Dungeon.
You worshipped Jiyva.
Jiyva was pleased with you.
You visited 1 branch of the dungeon, and saw 4 of its levels.

You collected 44 gold pieces.

Inventory:

Hand Weapons
 a - a +2 mace (weapon)
 e - a +0 vorpal hand axe
 k - a +2 dagger of speed
 o - a +0 vampiric falchion
Missiles
 b - 13 poisoned darts (quivered)
 f - 36 stones
Armour
 d - a +0 robe (worn)
Scrolls
 c - a scroll of identify {unknown}
 h - 2 scrolls of amnesia {unknown}
 i - a scroll of fear {unknown}
 j - a scroll of holy word {unknown}
 l - a scroll of fog {unknown}
 m - a scroll of vulnerability {unknown}
 p - a scroll of silence {unknown}
Potions
 g - a potion of degeneration {unknown}
 n - 2 potions of curing {unknown}
 q - a potion of lignification {unknown}


   Skills:
 + Level 2.7 Fighting
 + Level 1.1 Short Blades
 + Level 1.1 Long Blades
 + Level 1.1 Axes
 + Level 4.6 Maces & Flails
 + Level 1.1 Polearms
 + Level 1.1 Staves
 + Level 1.1 Slings
 + Level 1.1 Bows
 + Level 1.1 Crossbows
 + Level 8.5 Throwing
 + Level 1.1 Armour
 + Level 1.1 Dodging
 + Level 1.1 Stealth
 + Level 1.1 Shields
 + Level 1.1 Unarmed Combat
 + Level 7.2 Spellcasting
 + Level 0.9 Conjurations
 + Level 0.9 Hexes
 + Level 0.9 Summonings
 + Level 0.9 Necromancy
 + Level 0.9 Translocations
 + Level 0.9 Transmutations
 + Level 0.9 Fire Magic
 + Level 0.9 Ice Magic
 + Level 0.9 Air Magic
 + Level 0.9 Earth Magic
 + Level 0.9 Poison Magic
 + Level 1.2 Invocations
 + Level 1.1 Evocations


You had 13 spell levels left.
You knew the following spells:

 Your Spells              Type           Power      Damage    Failure   Level
a - Searing Ray           Conj           12%        2d4       17%         2
b - Static Discharge      Conj/Air       6%         N/A       17%         2

Your spell library contained the following spells:

 Spells                   Type           Power      Damage    Failure   Level


Dungeon Overview and Level Annotations

Branches:
Dungeon (4/15)
 Temple: D:4-7

Altars:
Jiyva


Innate Abilities, Weirdness & Mutations

You have very sharp teeth.
Your uncanny sense of smell can sniff out nearby items.
Your experience applies equally to all skills.


Message History

An adder comes into view.
Found a scroll labelled IDAKEO ZAHISK.
Found 5 sling bullets and a fuming ruby potion.
The adder hisses angrily.
The adder barely misses you. The adder bites you.
You barely miss the adder. You bite the adder, but do no damage.
The adder bites you.
You closely miss the adder. Your bite misses the adder. The adder bites you. x2
You hit the adder. Your bite misses the adder.
The adder is heavily wounded.
The adder closely misses you.
You hit the adder.
The adder is almost dead.
The adder bites you.
You are poisoned.
The adder poisons you! The adder barely misses you.
You hit the adder.
You kill the adder!
You feel sick.
You feel sick.
You feel sick.
You feel sick.
You feel sick.
You are no longer poisoned.
p - a scroll labelled IDAKEO ZAHISK An iguana comes into view.
The iguana hisses angrily.
You see here 5 sling bullets.
You see here a fuming ruby potion.
q - a fuming ruby potion You barely miss the iguana.
The iguana bites you!
You hit the iguana.
The iguana is lightly wounded.
The iguana bites you!
You closely miss the iguana. You bite the iguana, but do no damage.
The iguana barely misses you.
You sock the iguana! You bite the iguana.
The iguana is heavily wounded.
The iguana bites you! x2
You die...

∆ #...# #.##
#.# .... #..#
#.# #.# ##.#
#.# ∆ #.###.#
#.#
##.###.##.###.#
#..........†..#
##.###.##.#####
#.(.....#
#.@...#.#
#.....#l..# ..
#######.### ..
#.. # ##.. ...
.#.# ∆ ##.#


You could see an iguana.

Vanquished Creatures
  A gnoll (D:1)
  3 adders
  2 dart slugs (D:1)
  2 orcs (D:3)
  2 bats (D:1)
  2 giant cockroaches
  4 goblins
  A hobgoblin (D:1)
  9 kobolds
  2 quokkas (D:1)
  5 ball pythons
  3 frilled lizards
  7 rats
43 creatures vanquished.

Vanquished Creatures (others)
  An adder (D:2)
  2 worms
  A dart slug (D:3)
  3 orcs (D:3)
  6 ball pythons
  2 endoplasms (D:3)
  3 goblins (D:3)
  A hobgoblin (D:3)
  2 kobolds (D:3)
  A quokka (D:3)
  2 bats
  2 frilled lizards
  2 rats (D:2)
28 creatures vanquished.

Grand Total: 71 creatures vanquished

Notes
Turn   | Place    | Note
-------+----------+-------------------------------------------
     0 | D:1      | kiwibannannamango the Gnoll Wanderer began the quest for
                  | the Orb.
     0 | D:1      | kiwibannannamango set off with the following items: a +2
                  | mace, 13 poisoned darts, a +0 dagger, a +0 robe; and the
                  | following spells available to memorise: Searing Ray, Static
                  | Discharge
     0 | D:1      | Reached XP level 1. HP: 17/17 MP: 8/8
   121 | D:1      | Reached XP level 2. HP: 5/23 MP: 10/10
   717 | D:1      | Reached XP level 3. HP: 6/28 MP: 11/11
  1065 | D:1      | Found a faded altar of an unknown god.
  1073 | D:1      | Prayed at the altar of an unknown god.
  1073 | D:1      | Became a worshipper of Jiyva Jyihaph the Shapeless
  1073 | D:1      | Reached * piety under Jiyva
  1332 | D:1      | Reached skill level 1 in Invocations
  1716 | D:2      | Reached ** piety under Jiyva
  2069 | D:2      | Learned a level 2 spell: Searing Ray
  2072 | D:2      | Learned a level 2 spell: Static Discharge
  2163 | D:3      | Reached skill level 1 in Short Blades
  2163 | D:3      | Reached skill level 1 in Long Blades
  2163 | D:3      | Reached skill level 1 in Axes
  2163 | D:3      | Reached skill level 1 in Polearms
  2163 | D:3      | Reached skill level 1 in Staves
  2163 | D:3      | Reached skill level 1 in Slings
  2163 | D:3      | Reached skill level 1 in Bows
  2163 | D:3      | Reached skill level 1 in Crossbows
  2163 | D:3      | Reached skill level 1 in Armour
  2163 | D:3      | Reached skill level 1 in Dodging
  2163 | D:3      | Reached skill level 1 in Stealth
  2163 | D:3      | Reached skill level 1 in Shields
  2163 | D:3      | Reached skill level 1 in Unarmed Combat
  2163 | D:3      | Reached skill level 1 in Evocations
  2259 | D:3      | Reached XP level 4. HP: 32/34 MP: 13/13
  2821 | D:4      | Slain by an iguana

Illustrated notes

Levels and vault maps discovered:
D:1:      minmay_arrival_stair_chambers, layout_loops_corners,
          shapermc_ecumenical_altar_totnotflames, nrook_uturn,
          minmay_misc_feat_diagonals
D:2:      layout_basic, minmay_crystal_water
D:3:      layout_loops_ring, minmay_vboxes
D:4:      layout_loops_ring, bloody_trog

Skill      XL: |  1  2  3 |
---------------+----------+-----
Invocations    | 1 |  1.2
Short Blades   | 1 |  1.1
Long Blades    | 1 |  1.1
Axes           | 1 |  1.1
Polearms       | 1 |  1.1
Staves         | 1 |  1.1
Slings         | 1 |  1.1
Bows           | 1 |  1.1
Crossbows      | 1 |  1.1
Armour         | 1 |  1.1
Dodging        | 1 |  1.1
Stealth        | 1 |  1.1
Shields        | 1 |  1.1
Unarmed Combat | 1 |  1.1
Evocations     | 1 |  1.1
Fighting       | |  2.7
Maces & Flails | |  4.6
Throwing       | |  8.5
Spellcasting   | |  7.2
Conjurations   | |  0.9
Hexes          | |  0.9
Summonings     | |  0.9
Necromancy     | |  0.9
Translocations | |  0.9
Transmutations | |  0.9
Fire Magic     | |  0.9
Ice Magic      | |  0.9
Air Magic      | |  0.9
Earth Magic    | |  0.9
Poison Magic   | |  0.9

Action                   |  1- 3 |  4- 6 || total
-------------------------+-------+-------++-------
Melee: Mace              |    93 |    30 ||   123
       Bite              |     6 |     4 ||    10
Throw: Dart              |     4 |       ||     4
 Stab: Sleeping          |     3 |     1 ||     4
Armor: Robe              |    13 |     3 ||    16
Dodge: Dodged            |    63 |    18 ||    81
